Map: Galactic Process LE

Players

theassociate - Winner!

  • Race: Terran Terran
  • League: Gold
  • Spawn Location: 7:00

Fropez

  • Race: Protoss Protoss
  • League: Gold
  • Spawn Location: 1:00

VOD

Have the link to the VOD?

Description

Time

  • Played on: Oct. 22, 2016, 5:45 p.m.
  • Length: 29:59
Show
View Real Time Build Order
Export as new Build Order

theassociate Terran - Winner!

Build Orders:  

Get SALT Encoding   

  12  0:02  SCV  
  13  0:14  SCV  
  14  0:21  Supply Depot  
  14  0:26  SCV  
  15  0:30  Refinery  
  15  0:43  SCV  
  15  0:48  Barracks  
  16  0:55  SCV  
  17  1:07  SCV  
  18  1:19  SCV  
  19  1:31  SCV  
  20  1:43  Barracks Tech Lab  
  20  1:50  Orbital Command  
  20  1:57  Barracks  
  20  2:03  Refinery  
  22  2:08  Marauder, Engineering Bay  
  22  2:22  Factory  
  22  2:27  SCV  
  22  2:29  Supply Depot  
  23  2:39  Missile Turret  
  23  2:41  SCV  
  24  2:53  SCV  
  25  2:59  Marine  
  26  3:19  Siege Tank  
  29  3:21  Marine x2  
  29  3:22  Missile Turret  
  29  3:24  SCV  
  32  3:43  Command Center  
  32  3:58  Missile Turret  
  32  4:01  Barracks Tech Lab  
  32  4:05  Barracks Reactor  
  32  4:10  SCV  
  33  4:29  SCV  
  34  4:32  Command Center  
  34  4:34  Marauder  
  36  4:40  Siege Tank  
  36  4:41  Missile Turret  
  39  4:49  Supply Depot  
  39  4:55  SCV  
  40  5:09  SCV  
  40  5:13  Orbital Command  
  41  5:18  Marine x3  
  44  5:21  SCV  
  45  5:32  Barracks  
  45  5:37  Barracks  
  45  5:41  Factory  
  45  5:44  SCV  
  45  5:45  SCV, Starport  
  47  5:50  Planetary Fortress  
  47  6:09  Marine, Marauder  
  47  6:10  Marine  
  50  6:17  Starport  
  50  6:20  Terran Infantry Weapons Level 1  
  50  6:22  Combat Shields  
  50  6:28  Barracks Reactor  
  50  6:31  Refinery  
  50  6:33  SCV x2  
  50  6:34  Refinery  
  52  6:42  SCV  
  52  6:45  SCV x2  
  55  6:52  Marine x3, Marauder  
  55  6:54  SCV, Starport Tech Lab, Factory Tech Lab  
  60  6:56  Starport Reactor  
  61  7:05  Marine, Armory  
  61  7:06  Marine  
  63  7:09  Marine  
  63  7:10  Supply Depot  
  63  7:11  Supply Depot  
  63  7:12  SCV x2, Supply Depot  
  63  7:13  SCV  
  67  7:17  Refinery  
  67  7:21  Refinery  
  67  7:24  SCV x2  
  67  7:25  SCV  
  70  7:30  Raven  
  70  7:36  SCV x2  
  74  7:37  SCV  
  75  7:48  SCV x2  
  75  7:49  SCV  
  78  8:00  SCV  
  78  8:01  SCV x2  
  81  8:09  Viking x2  
  81  8:10  Marine x4  
  81  8:11  Marine x2  
  91  8:13  Viking  
  91  8:14  Terran Vehicle Weapons Level 1  
  91  8:16  Terran Infantry Weapons Level 2  
  93  8:26  Command Center  
  93  8:28  Marine  
  93  8:33  Command Center  
  94  8:43  Armory  
  94  8:44  Engineering Bay  
  80  9:07  Siege Tank x2  
  78  9:37  SCV x2  
  80  9:46  Marine x3  
  80  9:47  Marine x3  
  80  9:49  SCV x2  
  88  10:01  SCV  
  88  10:04  Marine x3  
  92  10:15  Siege Tank  
  92  10:16  Command Center  
  90  10:28  Marine x3  
  90  10:29  Marine x3  
  90  10:32  Orbital Command  
  90  10:35  Orbital Command  
  96  10:44  Siege Tank  
  96  10:46  Marine x5  
  96  10:47  Siege Tank  
  74  11:40  SCV x3  
  73  11:52  SCV x3  
  66  11:57  Siege Tank x2  
  66  12:00  Raven  
  66  12:01  Viking x2  
  69  12:04  Marine, SCV x3  
  71  12:16  SCV x3  
  74  12:28  SCV x3  
  74  12:29  Siege Tank x2  
  80  12:37  Marine  
  80  12:40  Marine x3, SCV x3  
  80  12:41  Marine x2  
  89  12:52  SCV x2  
  89  12:54  Marine  
  89  12:55  Stimpack  
  92  13:02  SCV  
  92  13:04  SCV  
  92  13:05  SCV  
  95  13:14  SCV  
  95  13:17  SCV x2  
  98  13:26  SCV  
  99  13:29  SCV x2  
  101  13:38  Command Center  
  101  13:47  Command Center  
  101  13:49  Supply Depot  
  101  13:50  Supply Depot  
  101  13:51  Supply Depot  
  101  13:53  Supply Depot  
  101  14:11  Marine x6, SCV x2  
  101  14:12  SCV  
  110  14:23  SCV x2  
  112  14:24  SCV  
  112  14:25  Siege Tank x2  
  112  14:29  Marine x2  
  112  14:30  Marine x4  
  106  14:46  Marine x2  
  106  14:48  Marine x4  
  105  14:57  Siege Tank x2  
  77  15:23  Orbital Command  
  77  15:25  Marine x6  
  74  15:43  Marine x6  
  71  16:00  Marine  
  71  16:01  Marine x5  
  65  16:12  Siege Tank  
  68  16:18  Marine  
  68  16:19  Marine x5, Barracks  
  68  16:23  Barracks  
  73  16:28  Refinery  
  73  16:29  Refinery  
  73  16:31  Refinery  
  70  16:33  Refinery  
  70  16:36  Marine  
  70  16:37  Marine x4, Siege Tank, Reaper  
  75  16:54  Marine x5  
  80  17:02  Refinery  
  80  17:04  Refinery  
  80  17:09  Marine  
  80  17:12  Marine x5  
  77  17:26  Marine  
  77  17:27  Barracks Reactor  
  77  17:29  Marine  
  78  17:30  Marine x4, Barracks Reactor  
  78  17:36  Siege Tank  
  85  17:44  Marine  
  85  17:47  Marine  
  85  17:48  Marine x4  
  91  17:59  Siege Tank  
  91  18:02  Marine x3  
  91  18:05  Marine  
  96  18:06  Marine x6  
  96  18:08  Siege Tank  
  105  18:13  SCV x2  
  105  18:14  SCV x2  
  109  18:20  Marine x3  
  109  18:23  Marine x4  
  109  18:24  Marine x3  
  109  18:25  SCV x2  
  109  18:26  SCV  
  111  18:27  SCV  
  111  18:31  Siege Tank, Sensor Tower  
  111  18:33  Terran Infantry Weapons Level 3  
  115  18:37  SCV, Terran Infantry Armor Level 1  
  115  18:38  Marine x3, SCV x2  
  115  18:40  SCV  
  115  18:41  Marine x7  
  127  18:49  SCV  
  127  18:50  SCV x2  
  127  18:52  SCV  
  127  18:53  Siege Tank  
  133  18:55  Marine  
  133  18:56  Marine x2  
  133  18:58  Marine  
  133  18:59  Marine x6  
  133  19:02  SCV  
  144  19:10  Sensor Tower  
  144  19:12  Medivac  
  144  19:13  Marine  
  144  19:14  Marine  
  148  19:18  Marine  
  148  19:19  Marine x2  
  148  19:20  Marine x2  
  148  19:21  Marine x2  
  148  19:22  Marine  
  143  19:31  Marine x2  
  143  19:36  Marine  
  143  19:37  Marine x2  
  148  20:04  Command Center  
  148  20:07  Marine, Raven  
  148  20:08  Marine x4, Medivac  
  148  20:10  Marine x4  
  148  20:12  Medivac  
  146  20:24  Marine  
  146  20:26  Marine  
  148  20:29  Marine x3  
  129  20:56  Orbital Command  
  104  21:10  Marine x4  
  104  21:11  Marine x6  
  113  21:14  Siege Tank x2  
  120  21:28  Marine x7  
  120  21:29  Marine x3  
  120  21:32  Orbital Command  
  130  21:37  SCV x3  
  133  21:45  Marine  
  133  21:46  Marine x9  
  143  21:59  Siege Tank  
  146  22:03  Marine  
  146  22:04  Marine  
  148  22:16  Marine  
  148  22:17  Marine x3  
  148  22:18  Marine x3  
  148  22:19  Marine  
  148  22:21  Marine  
  148  22:22  Marine  
  142  22:34  Marine  
  142  22:35  Marine x4  
  142  22:36  Marine, Supply Depot x2  
  148  22:38  Marine x2  
  148  22:39  Marine x2, Supply Depot  
  148  22:40  Supply Depot  
  146  22:52  Marine  
  146  22:53  Marine  
  146  22:57  Marine x8  
  153  23:10  Marine  
  153  23:11  Marine  
  155  23:15  Marine x8  
  161  23:28  Marine  
  161  23:29  Marine  
  161  23:32  Marine x7, Refinery  
  161  23:33  Marine, Refinery  
  171  23:35  Refinery  
  171  23:38  Refinery  
  171  23:45  Marine  
  161  24:40  Marine x8  
  161  24:41  Marine x2  
  161  24:44  Siege Tank x2  
  118  26:35  Orbital Command  
  114  27:06  Command Center  
  85  27:56  Command Center  
  84  28:29  Missile Turret  
  82  29:17  Orbital Command  
  82  29:28  Supply Depot  
Show
View Real Time Build Order
Export as new Build Order

Fropez Protoss 

Build Orders: Blink Stalkers 

Get SALT Encoding   

  12  0:01  Probe (Chrono Boost)  
  13  0:15  Pylon  
  13  0:17  Probe (Chrono Boost)  
  14  0:28  Probe (Chrono Boost)  
  15  0:34  Gateway  
  15  0:39  Probe (Chrono Boost)  
  16  0:46  Assimilator  
  16  0:49  Probe (Chrono Boost)  
  17  1:00  Probe (Chrono Boost)  
  18  1:10  Probe (Chrono Boost)  
  19  1:15  Pylon  
  19  1:21  Probe (Chrono Boost)  
  20  1:31  Probe (Chrono Boost)  
  21  1:42  Pylon, Probe (Chrono Boost)  
  21  1:54  Nexus  
  21  2:03  Pylon, Probe (Chrono Boost)  
  22  2:13  Cybernetics Core  
  22  2:14  Probe (Chrono Boost)  
  23  2:17  Assimilator  
  23  2:24  Probe (Chrono Boost)  
  23  2:28  Gateway  
  24  2:38  Probe (Chrono Boost)  
  25  2:50  Mothership Core (Chrono Boost)  
  27  3:02  Pylon  
  27  3:04  Stalker, Warp Gate (Chrono Boost)  
  29  3:07  Probe (Chrono Boost)  
  30  3:13  Probe (Chrono Boost)  
  31  3:23  Probe (Chrono Boost)  
  32  3:30  Twilight Council  
  32  3:33  Probe (Chrono Boost)  
  33  3:36  Pylon  
  33  3:39  Stalker x2  
  37  3:42  Probe (Chrono Boost)  
  38  3:49  Probe (Chrono Boost), Assimilator  
  38  3:53  Blink (Chrono Boost)  
  39  3:56  Pylon  
  39  3:57  Probe (Chrono Boost)  
  39  4:01  Probe (Chrono Boost)  
  41  4:10  Stalker  
  43  4:18  Stalker  
  45  4:27  Forge  
  45  4:29  Gateway  
  45  4:31  Probe  
  46  4:33  Probe  
  47  4:43  Probe  
  47  4:44  Pylon  
  48  4:45  Probe  
  49  4:55  Probe  
  50  5:08  Protoss Ground Weapons Level 1 (Chrono Boost)  
  50  5:09  Pylon  
  50  5:24  Stalker x3  
  56  5:37  Probe  
  56  5:38  Probe  
  58  5:47  Gateway  
  58  5:54  Probe, Gateway  
  58  5:55  Probe  
  60  5:58  Pylon, Stalker x2  
  60  5:59  Stalker  
  66  6:07  Probe x2  
  68  6:29  Stalker x3  
  74  6:33  Probe  
  74  6:34  Probe  
  74  6:38  Assimilator  
  76  7:00  Robotics Facility  
  76  7:01  Photon Cannon, Dark Shrine  
  76  7:04  Probe x2  
  78  7:11  Photon Cannon  
  78  7:13  Photon Cannon  
  78  7:14  Gateway  
  78  7:16  Probe x2, Photon Cannon  
  80  7:24  Stalker x3  
  80  7:25  Stalker x2  
  90  7:41  Probe  
  90  7:42  Probe  
  92  7:47  Gateway  
  92  7:54  Probe  
  93  8:00  Nexus  
  93  8:04  Pylon  
  91  8:07  Pylon  
  91  8:11  Stalker  
  93  8:19  Gateway  
  93  8:21  Probe  
  93  8:22  Probe  
  95  8:36  Warp Prism, Protoss Ground Weapons Level 2 (Chrono Boost)  
  93  9:24  Stalker x6  
  95  9:25  Stalker  
  107  9:31  Gateway  
  107  9:35  Pylon  
  107  9:36  Pylon x2  
  107  9:39  Pylon  
  107  9:42  Pylon  
  107  9:45  Probe  
  107  9:50  Pylon  
  107  9:52  Pylon  
  108  9:54  Pylon  
  108  9:58  Pylon, Stalker x4  
  108  9:59  Stalker x3  
  122  10:00  Templar Archives  
  122  10:02  Pylon  
  118  10:15  Assimilator  
  118  10:19  Photon Cannon  
  118  10:20  Assimilator, Photon Cannon  
  118  10:27  Photon Cannon  
  118  10:30  Photon Cannon  
  118  10:31  Pylon  
  118  10:35  Pylon  
  118  10:40  Stalker  
  118  10:41  Stalker x4  
  118  10:42  Stalker x3  
  92  11:58  Stalker  
  92  11:59  Stalker x6  
  92  12:00  Stalker  
  98  12:06  Gateway  
  90  12:12  Gateway  
  90  12:13  Gateway  
  90  12:22  Pylon x2  
  90  12:23  Stalker x5  
  90  12:24  Pylon, Stalker x3  
  102  12:42  Observer, Protoss Ground Weapons Level 3 (Chrono Boost)  
  93  13:02  Warp Prism  
  93  13:04  High Templar x6  
  93  13:05  High Templar x3  
  111  13:06  Nexus  
  111  13:09  Archon x3, Assimilator  
  111  13:10  Archon  
  111  13:13  Assimilator  
  111  13:15  Pylon  
  111  13:17  Pylon  
  111  13:21  Pylon  
  111  13:23  Pylon  
  111  13:37  Stalker x3  
  111  13:38  Stalker x3  
  123  13:50  Nexus  
  123  13:53  Assimilator  
  123  13:54  Dark Templar x3  
  129  13:56  Assimilator  
  129  13:59  Pylon  
  129  14:01  Pylon  
  129  14:15  Immortal  
  133  14:22  Stalker  
  133  14:23  Stalker x2  
  125  14:48  Stalker x2  
  125  14:49  Zealot x3  
  125  14:50  Zealot x4  
  129  14:54  Observer  
  130  15:01  Zealot x2  
  130  15:02  Zealot  
  114  15:29  Gateway  
  114  15:30  Gateway  
  112  15:36  Photon Cannon  
  112  15:37  Photon Cannon  
  112  15:41  Photon Cannon  
  106  15:49  Stalker x4  
  114  15:50  Stalker  
  114  16:20  Nexus  
  114  16:24  Assimilator  
  114  16:26  Assimilator  
  114  16:30  Pylon  
  114  16:32  Pylon, Stalker x7  
  126  16:33  Stalker  
  126  16:36  Pylon  
  130  16:48  Protoss Ground Armor Level 1 (Chrono Boost)  
  130  16:55  Stargate  
  130  16:58  Gateway  
  114  17:41  Warp Prism  
  116  17:49  Stalker x3  
  116  17:50  Stalker x6  
  116  17:51  Stalker x3  
  140  18:27  Protoss Shields Level 1 (Chrono Boost)  
  140  18:38  Resonating Glaives  
  134  18:56  Adept  
  134  18:57  Adept x7  
  134  18:58  Adept x4  
  134  18:59  Adept x2  
  140  19:25  Fleet Beacon  
  140  19:28  Pylon  
  122  19:44  Adept  
  122  19:45  Adept x7  
  114  19:46  Adept x4  
  114  19:47  Adept x3  
  126  20:10  Stalker  
  126  20:11  Stalker x6  
  126  20:12  Stalker x3  
  146  20:31  Stalker x5  
  144  20:51  Adept x5  
  144  20:52  Adept x3  
  92  21:06  High Templar x3  
  92  21:07  High Templar x4  
  106  21:13  High Templar x4  
  106  21:14  High Templar x3  
  106  21:15  High Templar  
  106  21:17  Archon x5  
  122  21:18  Archon x2  
  120  21:34  Probe x3  
  120  21:35  Probe  
  120  21:36  Probe x2  
  126  21:41  Nexus  
  126  21:58  High Templar x5  
  136  22:02  Archon x2  
  136  22:03  Archon  
  98  22:24  Adept x4  
  98  22:25  Adept x6  
  95  22:45  Adept x5  
  95  22:46  Adept x6  
  95  22:47  Adept x2  
  117  23:04  Dark Templar x2  
  117  23:05  Dark Templar x3  
  76  23:27  Adept x6  
  76  23:28  Adept  
  90  24:10  Stalker x6  
  90  24:11  Stalker  
  102  24:38  Adept x2  
  102  24:39  Adept x3  
  100  25:19  Nexus  
  100  25:21  Dark Templar  
  100  25:22  Pylon, Dark Templar x2  
  103  25:59  Gateway  
  103  26:00  Cybernetics Core  
  102  26:17  Zealot x4  
  91  26:37  Assimilator  
  91  27:01  Nexus  
  91  27:05  Pylon  
  82  28:14  Gateway  
  82  28:15  Pylon  
  82  28:17  Assimilator  
Tags
 
Add a new tag
Caveats
  • Supply blocks, unpowered buildings, or Contaminate may cause inaccurate times.
  • Supply counts are checked every 10 seconds.